 Dungeon Crawl Stone Soup version 0.21.1-1-g345015f (console) character file.

1219 fly the Nimble (level 8, 0/75 HPs)
             Began as an Ogre Hunter on May 11, 2018.
             Was a Follower of Okawaru.
             Slain by an ogre
             ... wielding a +0 giant club
              (29 damage)
             ... on level 6 of the Dungeon.
             The game lasted 00:09:42 (5408 turns).

fly the Nimble (Ogre Hunter)                        Turns: 5408, Time: 00:09:43

Health: 0/75       AC:  3    Str: 17    XL:     8   Next: 47%
Magic:  12/12      EV: 13    Int: 12    God:    Okawaru [*.....]
Gold:   147        SH:  0    Dex: 11    Spells: 13/13 levels left

rFire    . . .     SeeInvis +   a - +2 mace (crush)
rCold    + . .     Gourm    .   (no shield)
rNeg     . . .     Faith    .   y - +0 robe
rPois    .         Spirit   .   (helmet restricted)
rElec    .         Reflect  .   (no cloak)
rCorr    .         Harm     .   (gloves unavailable)
MR       .....                  (boots unavailable)
Stlth    +.........             (no amulet)
HPRegen  0.22/turn              i - ring of see invisible
MPRegen  0.13/turn              v - ring of protection from cold

@: no status effects
A: large, unfitting armour, tough skin 1
a: Heroism, Renounce Religion


You were on level 6 of the Dungeon.
You worshipped Okawaru.
Okawaru was aware of your devotion.
You were not hungry.

You visited 2 branches of the dungeon, and saw 7 of its levels.

You collected 279 gold pieces.
You spent 132 gold pieces at shops.

Inventory:

Hand Weapons
 a - a +2 mace of crushing (weapon)
 b - a +2 dagger of venom
Missiles
 c - 8 large rocks (quivered)
 d - 2 throwing nets
Armour
 y - a +0 robe (worn)
Jewellery
 i - a ring of see invisible (left hand)
 o - an uncursed ring of fire
 s - an uncursed amulet of harm
 v - a ring of protection from cold (right hand)
 z - an uncursed ring of poison resistance {unknown}
Scrolls
 e - 2 scrolls of remove curse {unknown}
 l - a scroll of random uselessness {unknown}
 p - a scroll of teleportation {unknown}
 q - 2 scrolls of enchant weapon {unknown}
 r - 3 scrolls of identify {unknown}
 A - a scroll of amnesia {unknown}
Potions
 g - a potion of agility {unknown}
 h - 3 potions of degeneration
 j - 2 potions of cancellation {unknown}
 k - 7 potions of curing {unknown}
 m - 2 potions of haste {unknown}
 n - 6 potions of heal wounds
 t - a potion of lignification {unknown}
 u - a potion of might {unknown}
 w - a potion of flight {unknown}
Books
 x - a book of Flames

   Spells                             Type                      Level
   a - Flame Tongue                   Conjuration/Fire             1
   b - Throw Flame                    Conjuration/Fire             2
   c - Conjure Flame                  Conjuration/Fire             3
   d - Inner Flame                    Hexes/Fire                   3
   e - Sticky Flame                   Conjuration/Fire             4
   f - Fireball                       Conjuration/Fire             5
Comestibles
 f - 11 rations
 B - a chunk of flesh


   Skills:
 - Level 3.0 Fighting
 - Level 3.0 Maces & Flails
 - Level 4.0 Throwing
 + Level 8.1 Dodging
 - Level 0.6 Stealth
 - Level 3.0 Spellcasting


You had 13 spell levels left.
You didn't know any spells.

Dungeon Overview and Level Annotations

Branches:
Dungeon (6/15)             Temple (1/1) D:4

Altars:
Ashenzari
Cheibriados
Dithmenos
Elyvilon
Gozag
Kikubaaqudgha
Makhleb
Nemelex Xobeh
Okawaru
Qazlal
Ru
Sif Muna
Trog
Uskayaw
Xom
Yredelemnul
Zin
The Shining One

Shops:
D:4 !


Innate Abilities, Weirdness & Mutations

You are too large for most types of armour.
You have tough skin. (AC +1)


Message History

The ogre shouts!
The wight hits you but does no damage.
An electric eel comes into view.
The wight barely misses you.
Found 21 stones.
An electric eel comes into view.
The electric eel shoots out a bolt of lightning at you!
The bolt of electricity hits you!
The bolt of electricity hits the plant.
An electric eel comes into view.
The electric eel shoots out a bolt of lightning at you!
The bolt of electricity hits you!
The bolt of electricity hits the plant.
The electric eel shoots out a bolt of lightning at you!
The bolt of electricity hits the plant. x2; The bolt of electricity hits you!
The wight closely misses you.
The electric eel moves out of view.
You enter the shallow water.
Moving in this stuff is going to be slow.
The wight hits you with a hand axe! The ogre barely misses you.
The ogre hits you with a giant club!!
You die...

#....."....#
########..........#
#.................# .
#........P........#
..##........≈P≈P.....#
...........z≈≈≈≈PPP###
........z..≈≈≈≈P♣≈≈.#
........OzP≈♣♣♣♣♣♣P≈#
.......@..P≈≈♣ ♣≈P#
####......P≈P♣♣♣♣♣≈.#
#########PP≈≈P♣P≈≈≈####
#......###≈÷P≈P≈PP.....
#......# #.....PP######
#......# #...PP≈###....
####......# #......#
#.###
#.........###......#
#...)
#............#####[#
###.[


You could see an ogre and 3 wights.

Vanquished Creatures
  The ghost of Paps the Covert, an amateur OpAs (D:4)
  Duvessa (D:5)
  A sky beast (D:5)
  An ice beast (D:5)
  2 ogres
  Dowan (D:5)
  An electric eel (D:6)
  3 hounds
  3 orc wizards (D:6)
  An iguana (D:5)
  4 worker ants
  4 gnolls (D:4)
  A howler monkey skeleton (D:4)
  6 adders
  2 oozes (D:1)
  5 worms
  2 dart slugs (D:1)
  3 leopard geckos
  4 orcs
  4 ball pythons
  7 giant cockroaches
  8 goblins
  3 hobgoblins
  8 jackals
  5 kobolds
  3 quokkas
  8 bats
  7 frilled lizards
  A jackal skeleton (D:3)
  4 rats
104 creatures vanquished.

Vanquished Creatures (others)
  An orc (D:6)
1 creature vanquished.

Grand Total: 105 creatures vanquished

Notes
Turn   | Place    | Note
-------+----------+-------------------------------------------
     0 | D:1      | fly the Ogre Hunter began the quest for the Orb.
     0 | D:1      | Reached XP level 1. HP: 22/22 MP: 1/1
    26 | D:1      | Reached skill level 2 in Dodging
    29 | D:1      | Reached XP level 2. HP: 12/31 MP: 2/2
   372 | D:1      | Reached XP level 3. HP: 17/37 MP: 3/3
   394 | D:1      | Reached skill level 3 in Dodging
   741 | D:2      | Reached skill level 1 in Maces & Flails
   971 | D:2      | Reached XP level 4. HP: 44/45 MP: 4/4
  1054 | D:2      | Found a faded altar of an unknown god.
  1631 | D:3      | Found a burning altar of Makhleb.
  1784 | D:3      | Found a sparkling altar of Nemelex Xobeh.
  1863 | D:3      | Reached XP level 5. HP: 50/53 MP: 5/5
  1890 | D:3      | Found an ancient bone altar of Kikubaaqudgha.
  2099 | D:4      | Reached skill level 1 in Spellcasting
  2512 | D:4      | Noticed Paps's ghost (amateur OpAs)
  2545 | D:4      | Reached XP level 6. HP: 27/61 MP: 10/10
  2548 | D:4      | Killed Paps's ghost
  2548 | D:4      | Reached skill level 4 in Dodging
  2790 | D:4      | Found Munirunk's Distillery.
  2805 | D:4      | Bought a potion of degeneration for 12 gold pieces
  2805 | D:4      | Bought 2 potions of heal wounds for 120 gold pieces
  2845 | D:4      | Reached skill level 5 in Dodging
  2845 | D:4      | Reached XP level 7. HP: 24/67 MP: 11/11
  3084 | D:4      | Found a staircase to the Ecumenical Temple.
  3186 | Temple   | Entered the Ecumenical Temple
  3227 | Temple   | Became a worshipper of Warmaster Okawaru
  3508 | D:4      | HP: 3/67 [gnoll/spear (7)]
  3953 | D:5      | Entered Level 5 of the Dungeon
  4000 | D:5      | Noticed Dowan
  4001 | D:5      | Noticed Duvessa
  4038 | D:5      | Killed Duvessa
  4038 | D:5      | Reached skill level 6 in Dodging
  4045 | D:5      | Killed Dowan
  4259 | D:5      | Reached XP level 8. HP: 39/75 MP: 12/12
  4274 | D:5      | Reached skill level 7 in Dodging
  4641 | D:5      | Reached * piety under Okawaru
  5149 | D:6      | Reached skill level 8 in Dodging
  5408 | D:6      | Slain by an ogre

Skill      XL: |  1  2  3  4  5  6  7  8 |
---------------+-------------------------+-----
Fighting       | 3 |  3.0
Dodging        | 2 3 5 6 8 |  8.1
Maces & Flails | 1 3 |  3.0
Spellcasting   | 2 3 |  3.0
Throwing       | |  4.0
Stealth        | |  0.6

Action                   |  1- 3 |  4- 6 |  7- 9 || total
-------------------------+-------+-------+-------++-------
Melee: Short sword       |    15 |       |       ||    15
       Dagger            |    21 |   128 |    89 ||   238
       Mace              |    45 |     9 |    23 ||    77
Throw: Large rock        |       |     9 |       ||     9
 Stab: Sleeping          |     1 |     3 |       ||     4
  Eat: Chunk             |       |     6 |     8 ||    14
Armor: Robe              |    36 |    54 |    12 ||   102
Dodge: Dodged            |    52 |   105 |    71 ||   228
